 Dungeon Crawl Stone Soup version 0.27.1-4-g1640c2035a (webtiles) character file.

Game seed: 26167224670374310

62 Stomo444 the Cudgeller (level 3, 0/28 HPs)
             Began as a Demonspawn Gladiator on Nov 16, 2021.
             Succumbed to an adder's poison
             ... on level 2 of the Dungeon.
             The game lasted 00:01:37 (1331 turns).

Stomo444 the Cudgeller (Demonspawn Gladiator)       Turns: 1331, Time: 00:01:37

Health: 0/28       AC:  4    Str: 15    XL:     3   Next: 85%
Magic:  3/3        EV: 12    Int:  9    God:
Gold:   50         SH:  0    Dex: 14    Spells: 2/2 levels left

rFire    + . .     SeeInvis .   a - +0 flail
rCold    + . .     Faith    .   (no shield)
rNeg     . . .     Spirit   .   b - +0 leather armour
rPois    +         Reflect  .   c - +0 helmet
rElec    +         Harm     .   (no cloak)
rCorr    +         Rampage  .   (no gloves)
Will     .....                  (no boots)
Stlth    +.........             (no amulet)
HPRegen  0.09/turn              e - ring of resist corrosion
MPRegen  0.08/turn              (no ring)

@: lethally poisoned (0 -> -1), resistant
A: powered by death 1
a: no special abilities


You were on level 2 of the Dungeon.
You visited 1 branch of the dungeon, and saw 2 of its levels.

You collected 50 gold pieces.

Inventory:

Hand Weapons
 a - a +0 flail (weapon)
Missiles
 d - 3 throwing nets (quivered)
Armour
 b - a +0 leather armour (worn)
 c - a +0 helmet (worn)
Jewellery
 e - a ring of resist corrosion (left hand)
Scrolls
 g - a scroll of enchant armour {unknown}
 h - a scroll of vulnerability {unknown}
 i - a scroll of identify {unknown}


   Skills:
 + Level 2.7 Fighting
 + Level 3.2 Maces & Flails
 - Level 1.7 Throwing
 + Level 1.3 Armour
 + Level 3.2 Dodging


You had 2 spell levels left.
You didn't know any spells.
Your spell library contained the following spells:

 Spells                   Type           Power      Damage    Failure   Level
 Static Discharge         Conj/Air       0%         N/A       58%         2
 Dispel Undead            Necr           0%         3d6       99%         4
 Sticky Flame             Conj/Fire      0%         2d3       99%         4


Dungeon Overview and Level Annotations

Branches:
Dungeon (2/15)

Altars:


Innate Abilities, Weirdness & Mutations

You regenerate a little health from kills.


Message History

The adder is almost dead.
The adder barely misses you. x2
You barely miss the adder.
The adder is almost dead.
The adder bites you but does no damage.
You completely miss the adder.
The adder is almost dead.
The adder bites you. x2
You are poisoned.
The adder poisons you!
You barely miss the adder.
The adder is almost dead.
You feel sick. The adder misses you. The adder bites you.
You are more poisoned.
The adder poisons you!
You miss the adder.
The adder is almost dead.
You feel very sick. The adder bites you.
You are lethally poisoned!
The adder poisons you!
You hit the adder.
You kill the adder!
You feel very sick.
You start resting.
You feel sick.
* * * LOW HITPOINT WARNING * * *
You feel sick.
* * * LOW HITPOINT WARNING * * *
You feel sick.
* * * LOW HITPOINT WARNING * * *
You feel sick.
It was a potion of resistance.
You feel protected.
* * * LOW HITPOINT WARNING * * *
You feel sick.
Unknown command.
* * * LOW HITPOINT WARNING * * *
You feel sick.
Okay, then.
You die...

#..#.### #...?.. ##!#..#
#############...(# #
......(........###....
##..........?..........
##.............#####....
............)..# .
#............@.#
#.............(#
#.....†.....>..#
.............$.#
##........)...###
##.........>...#
###.#.#...###..
#.#.##..######
#.....[....


There were no monsters in sight!

Vanquished Creatures
  2 adders (D:2)
  A dart slug (D:1)
  3 endoplasms (D:1)
  4 giant cockroaches (D:1)
  A goblin (D:2)
  5 hobgoblins (D:1)
  7 kobolds
  3 quokkas (D:1)
  6 ball pythons
  2 bats (D:1)
  A frilled lizard (D:2)
  5 rats (D:1)
40 creatures vanquished.

Notes
Turn   | Place    | Note
-------+----------+-------------------------------------------
     0 | D:1      | Stomo444 the Demonspawn Gladiator began the quest for the
                  | Orb.
     0 | D:1      | Reached XP level 1. HP: 16/16 MP: 1/1
   396 | D:1      | Gained mutation: You regenerate a little health from kills.
                  | [demonic ancestry]
   396 | D:1      | Reached XP level 2. HP: 22/22 MP: 2/2
   930 | D:1      | Reached skill level 1 in Armour
   982 | D:1      | Reached XP level 3. HP: 28/28 MP: 3/3
  1330 | D:2      | HP: 1/28 [poisoned by an adder]
  1331 | D:2      | Succumbed to an adder's poison

Illustrated notes

Levels and vault maps discovered:
D:1:      enne_arrival_octagon_isle, layout_loops_ring,
          chequers_decorated_corner
D:2:      layout_rooms, basic_altar

Skill      XL: |  1  2 |
---------------+-------+-----
Maces & Flails | 3 |  3.2
Dodging        | 3 |  3.2
Armour         | 1 |  1.3
Fighting       | |  2.7
Throwing       | |  1.7

Action                   || total
-------------------------++-------
Melee: Flail             ||   119
  Use: Potion            ||     1
 Stab: Sleeping          ||     1
Armor: Leather armour    ||    43
Dodge: Dodged            ||    96
